 Seeded DCSS version 0.30.1-11-g7821555f0a (webtiles) character file.

Game seed: 5129858224507802926 (custom seed)

7 Psyclone the Conjurer (level 1, 14/14 HPs)
             Began as a Draconian Conjurer on Nov 12, 2023.
             Quit the game on level 2 of the Dungeon.
             The game lasted 00:00:41 (250 turns).

Psyclone the Conjurer (Draconian Conjurer)           Turns: 250, Time: 00:00:42

Health: 14/14      AC:  4    Str:  9    XL:     1   Next: 83%
Magic:  3/3        EV: 12    Int: 18    God:
Gold:   38         SH:  0    Dex:  9    Spells: 3/4 levels left

rFire   . . .        (no weapon)
rCold   . . .        (no shield)
rNeg    . . .        (body armour unavailable)
rPois   +            (helmet restricted)
rElec   .            (no cloak)
rCorr   .            (no gloves)
SInv    .            (no boots)
Will    .....        (no amulet)
Stlth   ++           (no ring)
HPRegen 0.22/turn    (no ring)
MPRegen 0.08/turn

%: no passive effects
@: no status effects
A: AC +4, unfitting armour, cold-blooded, beak, passive freeze, sense
surroundings 1, poison resistance, noise suppression
a: no special abilities


You were on level 2 of the Dungeon.
You visited 1 branch of the dungeon, and saw 2 of its levels.

You collected 38 gold pieces.

Inventory:

Scrolls
 c - a scroll of amnesia {unknown}
Potions
 a - a potion of magic
 b - a potion of might {unknown}


   Skills:
 - Level 1.7 Dodging
 - Level 1.7 Stealth
 + Level 2.1 Spellcasting
 * Level 4.2 Conjurations


You had 3 spell levels left.
You knew the following spells:

 Your Spells              Type           Power      Damage    Failure   Level
a - Magic Dart            Conj           68%        1d6       3%          1

Your spell library contained the following spells:

 Spells                   Type           Power      Damage    Failure   Level
 Searing Ray              Conj           34%        2d5       4%          2
 Dazzling Flash           Conj/Hex       18%        N/A       22%         3
 Fulminant Prism          Conj/Hex       4%         3d5       58%         4
 Iskenderun's Mystic Bla  Conj/Tloc      9%         2d4       58%         4


Dungeon Overview and Level Annotations

Branches:
Dungeon (2/15) Zot: 11750

Altars:

Shops:
D:2 =


Innate Abilities, Weirdness & Mutations

Your plain brown scales are hard. (AC +4)
You cannot fit into any form of body armour.
You are cold-blooded and may be slowed by cold attacks.
You have a beak for a mouth.
A frigid envelope surrounds you and freezes all who hurt you.
You passively map a small area around you.
Your system is resistant to poisons. (rPois)
You passively dampen the noise of your surroundings.


Message History

Aiming: Magic Dart (safe; 3% risk of failure)
Press: ? - help, Shift-Dir - straight line, f/p - endoplasm
Aim: an endoplasm (severely wounded, 100% to hit)
The magic dart hits the endoplasm.
You kill the endoplasm!
You now have 1/3 mp.
Found 8 gold pieces.
You now have 38 gold pieces (gained 8).
You start resting.
Magic restored.
MP restored: 3 As you open the door, it creaks loudly!
Found Zutuxkoi's Jewellery Shop.
There is an open door here.
A bat comes into view.
Casting: Magic Dart (safe; 3% risk of failure)
Confirm with . or Enter, or press ? or * to list all spells.
Aiming: Magic Dart (safe; 3% risk of failure)
Press: ? - help, Shift-Dir - straight line, f - bat
Aim: a bat (asleep, 100% to hit)
The magic dart hits the bat.
You kill the bat!
You now have 2/3 mp.
There is an entrance to Zutuxkoi's Jewellery Shop here.
Found a scroll labelled KYDUSAS MAKK and a potion of mutation.
c - a scroll labelled KYDUSAS MAKK You see here a potion of mutation.
MP restored: 3
d - a potion of mutation Really quaff the potion of mutation?
You feel extremely strange.
You feel frail.
You no longer feel heat resistant.
You feel your surroundings grow louder.
You feel resistant to poisons.
Your skin feels very cold.
You feel your surroundings grow quieter.
You feel a strange attunement to the structure of the dungeons.
You take 1 damage, and have 14/14 hp.
Unknown command.
Unknown command.
Are you sure you want to abandon this character and quit the game? (Confirm with "yes".)

#.........
#####.####
########## #.#
,#........# #.#
#........#** #.#
* #........+ ,#.#
,#........# *
,#.#
*,#........#, #.#
#..@.....# #.#
#........#, ..#.#
*
########.#....#.#
* #.#....#.# * *
#.#....#.# * ,, ,
* #∩#....#.# , ,
##.#....#.# ,
#....##.#.# , ,
*#.....†.#.#


There were no monsters in sight!

Vanquished Creatures
  A dart slug (D:2)
  A bat (D:2)
  An endoplasm (D:2)
  A ball python (D:2)
  A rat (D:1)
5 creatures vanquished.

Notes
Turn   | Place    | Note
-------+----------+-------------------------------------------
     0 | D:1      | Psyclone the Draconian Conjurer began the quest for the
                  | Orb.
     0 | D:1      | Reached XP level 1. HP: 14/14 MP: 3/3
   100 | D:2      | Gained mutation: Your flesh is heat resistant. (rF+)
                  | [potion of mutation]
   100 | D:2      | Gained mutation: You are robust. (+10% HP) [potion of
                  | mutation]
   100 | D:2      | Gained mutation: You have a beak for a mouth. [potion of
                  | mutation]
   100 | D:2      | Gained mutation: You passively dampen the noise of your
                  | surroundings. [potion of mutation]
   151 | D:2      | Found Zutuxkoi's Jewellery Shop.
   249 | D:2      | Lost mutation: You are robust. (+10% HP) [potion of
                  | mutation]
   249 | D:2      | Lost mutation: Your flesh is heat resistant. (rF+) [potion
                  | of mutation]
   249 | D:2      | Lost mutation: You passively dampen the noise of your
                  | surroundings. [potion of mutation]
   249 | D:2      | Gained mutation: Your system is resistant to poisons.
                  | (rPois) [potion of mutation]
   249 | D:2      | Gained mutation: A frigid envelope surrounds you and
                  | freezes all who hurt you. [potion of mutation]
   249 | D:2      | Gained mutation: You passively dampen the noise of your
                  | surroundings. [potion of mutation]
   249 | D:2      | Gained mutation: You passively map a small area around you.
                  | [potion of mutation]
   250 | D:2      | Quit the game

Illustrated notes

Levels and vault maps discovered:
D:1:      saegor_arrival_simple_c, layout_rooms, serial_shops, shop,
          kennysheep_nondescript, minmay_misc_feat_ornament
D:2:      layout_basic, serial_shops, nicolae_shop_tiny_statue_garden,
          nicolae_shop_scrapyard, shop, shop

Action                     || total
---------------------------++-------
   Cast: Magic Dart        ||     9
    Use: Potion            ||     2
